Map: Sueño eterno EE

Players

MrFercho

  • Race: Zerg Zerg
  • League: Silver
  • Spawn Location: 7:00

saulsl - Winner!

  • Race: Zerg Zerg
  • League: Silver
  • Spawn Location: 1:00

VOD

Have the link to the VOD?

Description

Time

  • Played on: May 20, 2020, 10:30 p.m.
  • Length: 21:16
Show
View Real Time Build Order
Export as new Build Order

MrFercho Zerg 

Build Orders: Pool First 

Get SALT Encoding   

  12  0:01  Drone  
  13  0:13  Overlord  
  13  0:21  Drone  
  14  0:29  Extractor  
  14  0:31  Drone x2  
  15  0:36  Extractor  
  15  0:39  Drone  
  15  0:51  Drone  
  16  0:59  Spawning Pool  
  16  1:03  Overlord  
  15  1:39  Hatchery  
  14  1:49  Zergling x6  
  17  2:00  Roach Warren  
  16  2:03  Drone  
  17  2:22  Queen  
  19  2:38  Metabolic Boost  
  19  2:44  Zergling x4  
  21  2:55  Burrow  
  21  3:03  Drone x2  
  23  3:08  Drone  
  24  3:27  Roach  
  24  3:28  Roach x2  
  30  3:34  Overlord  
  30  3:40  Drone  
  30  3:41  Drone  
  25  4:42  Roach  
  25  4:43  Roach x5  
  33  4:56  Drone  
  33  4:57  Drone  
  33  4:59  Drone  
  36  5:06  Overlord  
  36  5:20  Hatchery  
  35  5:27  Evolution Chamber  
  35  5:28  Spore Crawler  
  33  5:38  Lair  
  33  5:54  Zerg Ground Armor Level 1  
  33  6:08  Drone  
  33  6:09  Drone x6  
  40  6:35  Pneumatized Carapace  
  28  6:55  Spire  
  28  6:57  Drone  
  28  6:58  Drone x8  
  36  7:04  Extractor  
  36  7:05  Extractor  
  34  7:14  Spine Crawler  
  33  7:19  Spine Crawler  
  32  7:40  Drone x3  
  35  8:07  Mutalisk  
  35  8:08  Mutalisk x5  
  47  8:31  Mutalisk  
  49  8:35  Overlord x2  
  49  8:55  Mutalisk  
  49  8:56  Mutalisk x4  
  59  9:04  Zergling x14  
  59  9:07  Overlord x2  
  59  9:08  Overlord  
  66  9:24  Zerg Flyer Armor Level 1  
  66  9:35  Mutalisk  
  66  9:36  Mutalisk x2  
  35  11:00  Mutalisk x3  
  35  11:01  Mutalisk x6  
  53  11:15  Zerg Melee Weapons Level 1  
  53  11:19  Zerg Flyer Weapons Level 1  
  53  11:39  Zergling x16  
  65  11:40  Zergling x8  
  65  11:46  Mutalisk  
  65  11:47  Mutalisk x2  
  71  12:27  Mutalisk  
  71  12:28  Mutalisk x4  
  71  13:00  Mutalisk  
  71  13:01  Mutalisk x2  
  77  13:08  Mutalisk  
  73  13:48  Mutalisk x4  
  54  16:13  Hatchery  
  54  16:15  Extractor  
  54  16:16  Extractor  
  45  16:29  Mutalisk x6  
  35  16:57  Mutalisk  
  35  16:58  Mutalisk x3  
  43  17:17  Mutalisk  
  43  17:21  Hatchery  
  44  17:47  Drone  
  44  17:48  Drone x2  
  47  17:52  Queen  
  49  18:02  Overlord x2  
  21  18:38  Mutalisk x3  
  27  18:43  Drone  
  27  18:47  Zergling x2  
  27  18:48  Zergling x10  
  34  18:58  Zergling x2  
  34  18:59  Zergling x6  
  38  19:11  Drone x3  
  41  19:47  Baneling Nest  
  41  19:50  Drone x3  
  43  19:56  Extractor  
  43  19:58  Zergling x2  
  43  19:59  Zergling x22  
  30  20:30  Mutalisk  
  30  20:31  Mutalisk x4  
  37  20:45  Zergling x2  
  37  20:46  Zergling x10  
  43  20:51  Spawning Pool  
Show
View Real Time Build Order
Export as new Build Order

saulsl Zerg - Winner!

Build Orders: Pool First 

Get SALT Encoding   

  13  0:07  Drone  
  13  0:14  Overlord  
  13  0:19  Drone  
  14  0:38  Spawning Pool  
  14  0:40  Drone  
  14  0:46  Drone  
  14  0:48  Drone  
  16  0:55  Drone  
  17  1:36  Zergling x6  
  17  1:38  Queen  
  22  1:49  Overlord  
  22  2:00  Hatchery  
  22  2:01  Overlord  
  21  2:14  Roach Warren  
  21  2:15  Drone  
  21  2:42  Zergling x2  
  21  2:43  Zergling x4  
  24  2:48  Extractor  
  24  2:50  Drone x3  
  26  2:59  Drone  
  27  3:09  Drone  
  28  3:15  Drone  
  28  3:16  Queen  
  28  3:19  Drone  
  32  3:26  Extractor  
  31  3:35  Roach  
  31  3:36  Roach  
  35  3:41  Zergling x2  
  36  3:58  Drone x2  
  38  4:13  Drone  
  39  4:20  Drone  
  39  4:21  Drone x2  
  42  4:25  Overlord x3  
  40  4:45  Roach x3  
  46  4:56  Drone x2  
  48  5:01  Metabolic Boost  
  48  5:03  Drone  
  48  5:06  Pneumatized Carapace  
  49  5:08  Roach x2  
  49  5:13  Drone  
  54  5:21  Evolution Chamber  
  54  5:22  Drone  
  54  5:33  Baneling Nest  
  54  5:34  Drone x4  
  57  5:46  Queen  
  57  5:47  Drone x2  
  61  6:07  Drone x3  
  63  6:19  Baneling x4  
  63  6:20  Baneling x2  
  63  6:23  Zergling x2  
  63  6:24  Zergling x4  
  66  6:32  Overlord x2  
  66  6:33  Zergling x2  
  62  6:56  Hatchery  
  62  6:58  Zergling x6  
  64  7:07  Lair  
  64  7:12  Roach x3  
  70  7:18  Zerg Melee Weapons Level 1  
  70  7:21  Drone x2  
  72  7:27  Queen  
  74  8:14  Drone  
  74  8:17  Queen  
  77  8:28  Roach  
  77  8:29  Roach x2  
  77  8:32  Glial Reconstitution  
  83  8:36  Centrifical Hooks  
  83  8:41  Roach x3  
  89  8:44  Overlord  
  89  8:45  Overlord x2  
  89  8:55  Drone  
  90  8:57  Overlord x2  
  90  9:04  Roach  
  90  9:05  Roach x2  
  90  9:09  Roach x3  
  102  9:14  Drone x2  
  104  9:20  Spire  
  104  9:23  Roach x2  
  107  9:38  Extractor, Drone  
  107  9:53  Spore Crawler  
  107  9:55  Spore Crawler  
  107  9:59  Spore Crawler x2  
  103  10:01  Roach x4  
  103  10:03  Ravager x2  
  103  10:04  Ravager  
  114  10:13  Spore Crawler  
  113  10:15  Spore Crawler  
  113  10:19  Spore Crawler  
  111  10:23  Spore Crawler  
  101  10:57  Drone  
  101  10:58  Drone  
  101  11:03  Extractor, Drone x2  
  101  11:04  Drone  
  105  11:14  Mutalisk  
  105  11:15  Mutalisk x2  
  111  11:20  Zerg Flyer Weapons Level 1  
  111  11:22  Overlord x3  
  111  11:38  Zergling x4  
  113  11:41  Zergling x2  
  113  11:42  Zergling x6  
  117  11:56  Extractor, Drone x3  
  119  12:09  Extractor, Drone  
  119  12:12  Mutalisk x2  
  122  12:25  Mutalisk x4  
  130  12:36  Mutalisk x4  
  138  13:00  Roach x2  
  142  13:07  Overlord x2  
  142  13:17  Tunneling Claws  
  142  13:23  Zerg Ground Armor Level 1  
  124  13:45  Corruptor x3  
  119  14:04  Roach  
  116  14:23  Drone x2, Spire  
  76  14:44  Roach x2  
  76  14:45  Roach  
  76  14:52  Hydralisk Den  
  75  14:54  Drone  
  75  14:55  Drone x2  
  56  15:19  Spore Crawler  
  51  15:24  Hydralisk x3  
  54  15:29  Hydralisk  
  54  15:30  Hydralisk x2  
  54  15:32  Hydralisk  
  54  15:34  Overlord x2  
  39  16:05  Hydralisk x3  
  45  16:14  Spore Crawler  
  44  16:18  Spore Crawler  
  44  16:22  Hydralisk x5  
  44  16:23  Hydralisk  
  51  16:46  Hydralisk x2  
  53  17:04  Hydralisk  
  53  17:07  Overlord  
  55  17:09  Hatchery  
  54  17:21  Hydralisk x3  
  60  17:24  Overlord  
  60  17:25  Overlord  
  60  17:30  Drone x2  
  62  17:41  Spawning Pool  
  61  17:54  Grooved Spines  
  61  17:57  Mutalisk x2  
  65  18:03  Roach x3  
  71  18:08  Roach  
  71  18:11  Roach  
  75  18:43  Hydralisk, Spire  
  75  18:44  Hydralisk x2  
  80  18:56  Queen, Spire  
  80  18:59  Hydralisk x3  
  87  19:04  Drone x3  
  87  19:05  Muscular Augments  
  90  19:11  Overlord x2  
  90  19:19  Spore Crawler  
  90  19:22  Drone  
  90  19:25  Overlord  
  90  19:30  Drone x2  
  92  19:40  Drone  
  92  19:44  Hydralisk x3  
  99  19:47  Hydralisk x2  
  99  19:52  Spore Crawler  
  100  20:46  Roach x3  
Tags
 
Matchup
ZvZ
Race
Zerg
Replay Pack
MrFercho
Spawn Locations
Cross Positions
Add a new tag
Caveats
  • Supply blocks, unpowered buildings, or Contaminate may cause inaccurate times.
  • Supply counts are checked every 10 seconds.